 Dungeon Crawl Stone Soup version 0.31-a0-1529-g7bd419a0e5 (webtiles) character file.

Game seed: 8804396514578121230

1529523 Sobieck the Slayer (level 26, 325/336 HPs)
             Began as a Purple Draconian Shapeshifter on Dec 27, 2023.
             Was the Champion of Cheibriados.
             Escaped with the Orb
             ... and 3 runes on Dec 31, 2023!
             The game lasted 04:57:43 (85871 turns).

Sobieck the Slayer (Purple Draconian Shapeshifter) Turns: 85871, Time: 04:57:43

Health: 325/336    AC: 43    Str: 40    XL:     26   Next: 85%
Magic:  30/30      EV: 25    Int: 33    God:    Cheibriados [******]
Gold:   5411       SH: 37    Dex: 33    Spells: 16/25 levels left

rFire   + .          .
                       - Unarmed
rCold   + . .        B - +8 tower shield
rNeg    + + .        (body armour unavailable)
rPois   ∞            (helmet restricted)
rElec   +            i - +4 dragonskin cloak
rCorr   +            (gloves currently unavailable)
SInv    .            (boots currently unavailable)
Will    ++++.        d - amulet "Dizour" {Reflect Int+6 SH+5}
Stlth   ++           c - ring of the Sun {rPois rC+ rN+ Dex+5}
HPRegen 0.76/turn    Y - ring "Pomiso" {rF+ Will+ rCorr}
MPRegen 0.22/turn

%: reflection, clarity
@: statue-form, studying Ranged Weapons, very slow
A: slow and powerful, torment resistance 1, boosted hp, (breathe power), AC +12,
unfitting armour, cold-blooded, antennae 1, camouflage 1, clarity, passive
freeze
0: Orb of Zot
}: 3/15 runes: decaying, serpentine, silver
a: Begin Untransformation, Renounce Religion, Bend Time, Temporal Distortion,
Slouch, Step From Time


You escaped.
You worshipped Cheibriados.
Cheibriados was exalted by your worship.
You were a living statue of rough stone.
You visited 9 branches of the dungeon, and saw 47 of its levels.
You visited the Abyss 1 time.
You visited 2 bazaars.
You also visited: Gauntlet and Ice Cave.

You collected 13192 gold pieces.
You spent 7781 gold pieces at shops.

Inventory:

Missiles
 t - 13 boomerangs
 v - 8 javelins
 F - 9 curare-tipped darts
 Z - 4 throwing nets
Armour
 i - the +4 dragonskin cloak (worn)
   (You took it off Tiamat on level 1 of the Realm of Zot)

   Avatar's Aegis: It grants the wearer a chance to resist fire, cold, poison,
   electricity, acid, and negative energy.
 B - a +8 tower shield (worn)
Jewellery
 c - the ring of the Sun (left fist) {rPois rC+ rN+ Dex+5}
   (You took it off a fire giant on level 5 of the Vaults)

   [ring of protection from cold]

   Dex+5:     It affects your dexterity (+5).
   rC+:       It protects you from cold.
   rPois:     It protects you from poison rN+: It protects you from negative
   energy.
 d - the amulet "Dizour" (around neck) {Reflect Int+6 SH+5}
   (You acquired it on level 3 of the Dungeon)

   [amulet of reflection]

   Reflect:   It reflects blocked missile attacks.
   Int+6:     It affects your intelligence (+6).
   SH+5:      It affects your SH (+5).
 f - a ring of protection from fire
 k - the ring "Pinuuxaofu" {rCorr Str+6 Int+6 Slay-4}
   (You found it in a Gauntlet)

   [ring of strength]

   Str+6:     It affects your strength (+6).
   Int+6:     It affects your intelligence (+6).
   Slay-4:    It affects your accuracy & damage with ranged weapons and melee
   (-4).
   rCorr:     It protects you from acid and corrosion.
 n - a ring of positive energy
 p - the ring of the Keeping Gods {rPois rN+ Dex-3 Slay+2}
   (You found it on level 2 of the Vaults)

   [ring of positive energy]

   Dex-3:     It affects your dexterity (-3).
   Slay+2:    It affects your accuracy & damage with ranged weapons and melee
   (+2).
   rPois:     It protects you from poison rN+: It protects you from negative
   energy.
 r - a +4 ring of protection
 x - a ring of wizardry
 A - a +6 ring of dexterity
 G - the ring of Kifipre {Will+ Dex+3 Slay+4}
   (You acquired it on level 3 of the Dungeon)

   [ring of willpower]

   Dex+3:     It affects your dexterity (+3).
   Slay+4:    It affects your accuracy & damage with ranged weapons and melee
   (+4).
   Will+:     It increases your willpower.
 Y - the ring "Pomiso" (right fist) {rF+ Will+ rCorr}
   (You took it off a deep elf high priest on level 3 of the Elven Halls)

   [ring of resist corrosion]

   rF+:       It protects you from fire.
   Will+:     It increases your willpower.
   rCorr:     It protects you from acid and corrosion.
Talismans
 M - a granite talisman (active)
Wands
 a - a wand of acid (28)
 w - a wand of mindburst (40)
 D - a wand of digging (22)
 E - a wand of charming (61)
 I - a wand of iceblast (38)
 P - a wand of polymorph (20)
 V - a wand of flame (58)
Scrolls
 b - 10 scrolls of blinking
 l - 3 scrolls of noise
 u - 2 scrolls of silence {!r}
 y - 13 scrolls of fog
 C - 13 scrolls of vulnerability
 J - 9 scrolls of fear
 N - 7 scrolls of summoning
 O - 7 scrolls of immolation
 R - a scroll of revelation
 T - 21 scrolls of teleportation
 U - 9 scrolls of poison
Potions
 e - 5 potions of invisibility
 g - 16 potions of attraction
 h - 9 potions of mutation
 j - 6 potions of resistance
 m - 13 potions of heal wounds
 o - 7 potions of ambrosia
 q - 12 potions of brilliance
 s - 5 potions of berserk rage
 z - a potion of magic
 H - 4 potions of cancellation
 L - 13 potions of enlightenment
 Q - 34 potions of curing
 S - 11 potions of lignification
 W - 10 potions of might
Miscellaneous
 K - a phantom mirror
 X - a box of beasts


   Skills:
 + Level 25.4 Fighting
 - Level 11.0 Dodging
 - Level 10.0 Stealth
 - Level 16.0 Shields
 + Level 25.3 Unarmed Combat
 - Level 9.0 Translocations
 - Level 10.0 Invocations
 - Level 25.0 Shapeshifting


You had 16 spell levels left.
You knew the following spells:

 Your Spells              Type           Power      Damage    Failure   Level
a - Lesser Beckoning      Tloc           100%       N/A       1%          2
b - Apportation           Tloc           100%       N/A       1%          1
c - Blink                 Tloc           100%       N/A       1%          2
A - Manifold Assault      Tloc           56%        N/A       3%          4

Your spell library contained the following spells:

 Spells                   Type           Power      Damage    Failure   Level
 Passage of Golubria      Tloc           56%        N/A       3%          4
 Volatile Blastmotes      Fire/Tloc      58%        2d14      6%          3
 Foxfire                  Conj/Fire      0%         2x1d4     13%         1
 Freeze                   Ice            0%         1d3       13%         1
 Magic Dart               Conj           0%         1d3       13%         1
 Necrotise                Necr           0%         1d4       13%         1
 Sandblast                Erth           0%         2d4       13%         1
 Shock                    Conj/Air       0%         1d3       13%         1
 Slow                     Hex            0%         N/A       13%         1
 Sting                    Conj/Alch      0%         1d3       13%         1
 Summon Small Mammal      Summ           0%         N/A       13%         1
 Call Imp                 Summ           0%         N/A       21%         2
 Jinxbite                 Hex            0%         N/A       21%         2
 Searing Ray              Conj           0%         2d4       21%         2
 Static Discharge         Conj/Air       0%         3-3/arc   21%         2
 Vhi's Electric Charge    Tloc/Air       58%        N/A       21%         4
 Dazzling Flash           Conj/Hex       0%         N/A       36%         3
 Frozen Ramparts          Ice            0%         1d1       36%         3
 Hailstorm                Conj/Ice       0%         3d5       36%         3
 Inner Flame              Hex/Fire       0%         N/A       36%         3
 Mephitic Cloud           Conj/Alch/Air  0%         N/A       36%         3
 Passwall                 Erth           0%         N/A       36%         3
 Stone Arrow              Conj/Erth      0%         3d7       36%         3
 Summon Ice Beast         Ice/Summ       0%         N/A       36%         3
 Tukima's Dance           Hex            0%         N/A       36%         3
 Dispersal                Tloc           28%        N/A       45%         6
 Summon Forest            Summ/Tloc      14%        N/A       50%         5
 Anguish                  Hex/Necr       0%         N/A       78%         4
 Brom's Barrelling Bould  Conj/Erth      0%         2d3       78%         4
 Cause Fear               Hex            0%         N/A       78%         4
 Fulminant Prism          Conj/Alch      0%         3d5       78%         4
 Martyr's Knell           Necr/Summ      0%         N/A       78%         4
 Arcjolt                  Conj/Air       0%         1d10      98%         5
 Curse of Agony           Necr           0%         N/A       98%         5
 Fireball                 Conj/Fire      0%         3d3       98%         5
 Freezing Cloud           Conj/Ice/Air   0%         6-21      98%         5
 Irradiate                Conj/Alch      0%         3d11      98%         5
 Iskenderun's Battlesphe  Conj           0%         2d6       98%         5
 Silence                  Hex/Air        0%         N/A       98%         5
 Yara's Violent Unravell  Hex/Alch       0%         3d3       98%         5
 Bombard                  Conj/Erth      0%         9d1       100%        6
 Conjure Ball Lightning   Conj/Air       0%         3x3d6     100%        6
 Eringya's Noxious Bog    Alch           0%         4d6       100%        6
 Plasma Beam              Fire/Air       0%         2x1d10    100%        6
 Sculpt Simulacrum        Ice/Alch       0%         N/A       100%        6
 Starburst                Conj/Fire      0%         6d3       100%        6
 Enfeeble                 Hex            0%         N/A       100%        7
 Malign Gateway           Summ/Tloc      14%        N/A       100%        7
 Orb of Destruction       Conj           0%         9d5       100%        7
 Spellforged Servitor     Conj/Summ      0%         N/A       100%        7
 Summon Hydra             Summ           0%         N/A       100%        7
 Disjunction              Tloc           28%        N/A       100%        8
 Ignition                 Fire           0%         3d3       100%        8
 Infestation              Necr           0%         N/A       100%        8
 Lehudib's Crystal Spear  Conj/Erth      0%         10d2      100%        8
 Maxwell's Capacitive Co  Air            0%         ∞         100%        8
 Chain Lightning          Conj/Air       0%         N/A       100%        9
 Dragon's Call            Summ           0%         N/A       100%        9


Dungeon Overview and Level Annotations

Branches:
Dungeon (15/15)            Temple (0/1) D:7            Lair (5/5) D:10
  Swamp (4/4) Lair:3        Snake (4/4) Lair:2        Slime (0/5) Lair:5
    Orc (2/2) D:11            Elf (3/3) Orc:2        Vaults (5/5) D:13
  Crypt (0/3) Vaults:2     Depths (4/4) D:15            Zot (5/5) Depths:4
  IceCv (visited)         Gauntlet (visited)

Altars:
Cheibriados
Elyvilon
Fedhas
Gozag
Kikubaaqudgha
Nemelex Xobeh
Okawaru
Qazlal
Ru
Uskayaw
Vehumet
Xom
The Shining One
Jiyva

Shops:
D:5 =   D:15 =   Orc:1 *   Orc:2 *(:[   Elf:1 [*   Elf:2 [   Snake:1 (::!*
Snake:3 :   Vaults:3 (   Vaults:5 [(!=?!?(!?!!

Portals:
Hell: Depths:1 Depths:2 Depths:3 Depths:4
Abyss: Depths:3
Pandemonium: Depths:2
Ziggurat: Depths:3

Annotations:
Elf:2 3 runed translucent doors
Vaults:1 2 transporters, Jeskohay's ghost, adept OnGl
Vaults:5 ! DONT GO
Depths:2 4 runed translucent doors


Innate Abilities, Weirdness & Mutations

You are a living statue of rough stone.
Your actions are slow, but your melee attacks are powerful.
You are resistant to unholy torment.
Your maximum health is greatly increased.
Your equipment is partially melded.
((You can breathe bolts of dispelling energy.))
((Your rich purple scales are hard. (AC +12)))
You cannot fit into any form of body armour.
You are immune to poison.
You are cold-blooded and may be slowed by cold attacks.
You have a pair of small antennae on your head.
Your skin changes colour to match your surroundings (Stealth+).
You possess an exceptional clarity of mind.
A frigid envelope surrounds you and freezes all who hurt you.


Message History

Okay, then.
A daeva comes into view.
It is wielding a +4 scimitar of holy wrath.
The daeva calls down the wrath of the Shining One upon you.
The Shining One smites you!
Danger!
You block the daeva's attack. x3; The daeva misses you.
The daeva calls down the wrath of the Shining One upon you.
The Shining One smites you!
You pummel the daeva like a punching bag!!!
The daeva is heavily wounded.
You squash the daeva like an ant!!!!!
You kill the daeva!
Cheibriados appreciates the change of pace.
No target in view!
No target in view!
Okay, then.
Unknown command.
You can't go up here!
You can't go up here!
Things that are here:
3 stones; a +0 short sword HP restored.
You see here a +0 robe.
A hellephant comes into view. 2 hell hounds come into view.
Danger!
A hell hound comes into view.
The hell hound barks!
The hell hound breathes flames at you.
The blast of flame hits you but does no damage.
The hellephant completely misses you. The hellephant bites you.
The hellephant is very cold.
The hellephant is lightly wounded.
The hellephant barely misses you. You block the hell hound's attack.
You block the hellephant's attack. x3; The hell hound closely misses you.
The hellephant tramples you but does no damage.
The hellephant is very cold.
The hellephant is lightly wounded.
The hellephant bites you!
The hellephant is very cold.
The hellephant is lightly wounded.
The hellephant gores you but does no damage.
The hellephant is very cold.
The hellephant is lightly wounded.
There is a staircase leading out of the dungeon here.
Unknown command.
Unknown command.
Unknown command.
You block the hell hound's attack. x2; You block the hellephant's attack.
The hellephant completely misses you. You block the hellephant's attack.
You have escaped!

...##...####################.####
...###..### ### #...#.
...##..##>### ###>## ###.#.
...#..##....### ###....## #.#.
####.##..⌠....#####....⌠..## #.#.
# #.#....)⌠....#....⌠.....# #.##
# #.#..⌠....⌠.....⌠....⌠..# #...
# #.#..........hh........(# ###.
# #.#######....8Yh..####### #.
####..## ####...#### #. ..###..##
##...## #. #.# ##..# ##..⌠..## #.
#.# ##.# ##.......## #. #.#
#.####..⌠...⌠..###### #.
..#####.#.......⌠.........## #)
..........###.......###[#..## #.
............#########...##..# ##


You could see a hellephant and 3 hell hounds.

Vanquished Creatures
  A seraph (Zot:4)
  Frederick (Vaults:2)
  4 dread liches
  Tiamat (Zot:1)
  4 orbs of fire
  2 ancient liches
  Mara (Snake:4)
  2 juggernauts
  Vv (Depths:2)
  4 Killer Klowns
  The ghost of iguanaiguana the Gelid, a veteran HuAl of Hepliaklqana (Zot:1)
  Vashnia (Snake:3)
  2 curse toes
  A caustic shrike (Depths:4)
  Nikola (Vaults:1)
  8 golden dragons
  A bone dragon (Abyss:3)
  the Enchantress (Depths:3)
  A profane servitor (D:14)
  A Brimstone Fiend (D:3)
  2 doom hounds (Depths:4)
  4 electric golems
  20 tentacled monstrosities
  Jorgrun (Orc:1)
  Rupert (D:13)
  Mlioglotl (Snake:1)
  A walking crystal tome (Depths:4)
  A walking divine tome (Depths:4)
  2 walking earthen tomes
  A walking frostbound tome (Depths:4)
  6 liches
  29 Orb Guardians
  Grunn (Depths:4)
  2 deep elf master archers (Elf:3)
  8 titans
  4 deep elf blademasters (Elf:3)
  10 quicksilver dragons
  11 sphinxes
  6 death cobs
  Frances (Swamp:2)
  2 tentacled starspawn (Abyss:3)
  14 tengu reavers
  14 shadow dragons
  Roxanne (Elf:3)
  6 nagarajas
  7 deep elf sorcerers
  2 daevas
  20 storm dragons
  3 draconian knights (Zot:1)
  6 protean progenitors
  The ghost of benadryl the Devastator, a journeyman HuAl of Vehumet (Swamp:2)
  Donald (Snake:4)
  5 draconian monks
  Aizul (Snake:1)
  22 frost giants
  4 iron dragons
  24 fire giants
  3 draconian shifters
  Louise (Snake:1)
  20 vault wardens
  2 balrugs
  A reaper (Depths:1)
  5 draconian scorchers
  3 ghost moths
  2 draconian annihilators (Zot:1)
  A draconian stormcaller (Zot:1)
  7 ironbound preservers
  2 orc warlords
  A cacodemon (D:12)
  3 deep elf elementalists (Elf:3)
  The ghost of zerowinglad the Severer, a journeyman DsWn of Okawaru (Orc:1)
  30 stone giants
  An angel (Zot:4)
  2 broodmothers (Zot:1)
  22 very ugly things
  An ophan (Zot:4)
  11 ironbound thunderhulks
  12 spriggan defenders
  5 green draconians
  5 black draconians
  A war gargoyle (Vaults:5)
  5 vampire knights
  Nessos (D:11)
  5 deep elf demonologists
  3 eleionomae
  2 lorocyprocas
  5 deep elf death magi
  8 yellow draconians
  3 elemental wellsprings (Depths:3)
  A minotaur (Gauntlet)
  10 deep elf annihilators
  14 dire elephants
  5 bunyips
  5 purple draconians (Zot:1)
  9 white draconians
  4 red draconians
  15 spark wasps
  Snorg (Lair:4)
  19 ettins
  5 entropy weavers
  13 deep elf high priests
  An eidolon (Abyss:3)
  A blizzard demon (D:12)
  Fannar (D:12)
  A shambling mangrove (Swamp:3)
  16 fire dragons
  35 vault guards
  11 yaktaur captains
  4 great orbs of eyes
  21 hydras
  7 ice dragons
  5 salamander tyrants
  Erolcha (Orc:2)
  3 ogre magi
  A peacekeeper (Vaults:1)
  6 ghost crabs
  2 jorogumos (Zot:1)
  11 alligators
  11 spriggan air magi
  5 catoblepae
  4 boulder beetles
  8 centaur warriors
  12 rakshasas
  A two-headed ogre (shapeshifter) (Depths:2)
  10 ironbound frosthearts
  7 anacondas
  A merfolk aquamancer (Depths:2)
  A hell hog (Depths:1)
  2 death knights (Vaults:2)
  18 dancing weapons
  9 deep troll earth magi
  10 tengu warriors
  2 two-headed ogres
  13 naga warriors
  A thrashing horror (Gauntlet)
  14 deep troll shamans
  A vampire mage (Depths:2)
  13 shock serpents
  4 occultists
  6 spriggan berserkers
  6 orc high priests
  4 sun demons
  8 death yaks (Lair:5)
  11 deep elf knights
  A soul eater (Depths:1)
  4 iron trolls
  Sonja (Lair:2)
  25 naga sharpshooters
  A skyshark (shapeshifter) (Vaults:5)
  5 skeletal warriors (D:14)
  2 skysharks
  A fire crab (Gauntlet)
  17 hell knights
  2 salamander mystics (Snake:4)
  A shadow wraith (Vaults:2)
  3 sixfirhies (D:12)
  3 wretched stars
  A goliath frog (Swamp:2)
  16 deep trolls
  4 spriggan druids
  7 naga ritualists
  A sun moth (shapeshifter) (Vaults:1)
  A glowing orange brain (shapeshifter) (Depths:4)
  6 phantasmal warriors
  7 bog bodies
  11 deep elf archers
  11 glowing orange brains
  11 orc knights
  13 harpies
  10 swamp dragons
  5 flayed ghosts
  28 deep elf zephyrmancers
  7 arcanists
  A sea snake (shapeshifter) (Depths:2)
  9 starcursed masses (Abyss:3)
  3 necromancers
  21 ironbound convokers
  11 lindwurms
  2 spriggan simulacra (IceCv)
  25 deep elf pyromancers
  2 oklob plants (Lair:1)
  14 large abominations
  6 will-o-the-wisps
  A shining eye (shapeshifter) (Vaults:5)
  7 cyclopes
  4 orc sorcerers
  3 mana vipers
  27 ugly things
  A faun (shapeshifter) (Depths:2)
  28 moths of wrath
  A manticore (shapeshifter) (Elf:3)
  4 manticores
  3 shining eyes (Zot:1)
  21 salamanders
  A stone giant skeleton (Vaults:4)
  2 centaur zombies (D:15)
  15 elephants
  2 kobold blastminers (Orc:1)
  16 naga magi
  19 vault sentinels
  An apocalypse crab (Abyss:3)
  4 guardian serpents
  A molten gargoyle (D:12)
  A water nymph (Depths:3)
  27 black mambas
  8 smoke demons
  A centaur skeleton (D:15)
  A minotaur zombie (Gauntlet)
  11 cane toads
  5 gargoyles
  8 komodo dragons
  27 yaktaurs
  2 kobold demonologists (D:11)
  4 unseen horrors (Depths:3)
  4 freezing wraiths
  A yaktaur zombie (Vaults:4)
  An efreet (Zot:2)
  4 dryads
  3 rime drakes
  An ice devil (Abyss:3)
  6 trolls
  6 tengu conjurers
  A queen bee (D:12)
  4 merfolk
  2 bloated husks (Swamp:2)
  2 polar bears
  6 tyrant leeches
  2 saltlings (Elf:1)
  12 hornets
  Grinder (D:5)
  3 glass eyes
  4 raiju
  A stone giant simulacrum (Vaults:4)
  A raiju (shapeshifter) (Elf:3)
  8 dream sheep
  15 blink frogs
  37 slime creatures
  5 wraiths
  A ynoxinul (Depths:4)
  2 shadows
  A culicivora (shapeshifter) (Vaults:5)
  2 air elementals (Elf:3)
  12 spriggans
  A water elemental (Elf:1)
  85 yaks
  A vampire (D:13)
  3 wargs (Orc:1)
  4 fire elementals
  4 wyverns
  2 basilisks
  4 fire bats (Gauntlet)
  A tarantella (shapeshifter) (Depths:2)
  12 vampire mosquitoes
  4 redbacks
  A steam dragon (D:9)
  4 chaos spawn (Depths:3)
  16 swamp worms
  2 minotaur simulacra (IceCv)
  Edmund (D:5)
  42 nagas
  A swamp worm (shapeshifter) (Vaults:5)
  5 acid dragons
  19 water moccasins
  10 swamp drakes
  31 orc warriors
  3 ice beasts
  3 boggarts (Vaults:1)
  A laughing skull (Abyss:3)
  A sky beast (D:5)
  A human zombie (Vaults:4)
  5 ogres
  12 wolves
  12 centaurs
  A phantom (D:6)
  A weeping skull (Abyss:3)
  6 kobold brigands
  7 earth elementals
  16 bullfrogs
  3 scorpions
  20 small abominations
  11 wights
  6 killer bees
  5 electric eels
  A vampire bat (Lair:2)
  A howler monkey (D:13)
  2 lava snakes (Lair:2)
  2 bombardier beetles
  27 orc priests
  6 hounds
  Crazy Yiuf (D:5)
  2 jellies
  3 sleepcaps
  Jessica (D:2)
  4 iguanas
  Natasha (D:2)
  15 orc wizards
  6 hell rats (Lair:4)
  Robin (D:2)
  7 gnolls
  5 adders
  3 white imps
  A ribbon worm (D:2)
  5 dart slugs
  60 orcs
  10 endoplasms
  5 giant cockroaches
  12 goblins
  8 hobgoblins
  3 jackals (D:3)
  17 kobolds
  5 quokkas
  7 ball pythons
  10 bats
  6 frilled lizards
  8 rats
  2 lurking horrors (Abyss:3)
  4 starspawn tentacles (Abyss:3)
2189 creatures vanquished.

Vanquished Creatures (others)
  A fire giant (Depths:4)
  An ironbound thunderhulk (Vaults:2)
  A deep elf high priest (Elf:3)
  A rakshasa (Depths:2)
  A hydra (Swamp:3)
  A deep elf knight (Elf:1)
  A bloated husk (Swamp:1)
  An orc wizard (Orc:1)
  13 foxfires
21 creatures vanquished.

Grand Total: 2210 creatures vanquished

Notes
Turn   | Place    | Note
-------+----------+-------------------------------------------
     0 | D:1      | Sobieck the Draconian Shapeshifter began the quest for the
                  | Orb.
     0 | D:1      | Reached XP level 1. HP: 16/16 MP: 1/1
    58 | D:1      | Reached XP level 2. HP: 9/23 MP: 2/2
   577 | D:1      | Reached XP level 3. HP: 29/29 MP: 3/3
   903 | D:2      | Found a snail-covered altar of Cheibriados.
   926 | D:2      | Became a worshipper of Cheibriados the Contemplative
  1216 | D:2      | Noticed Jessica
  1227 | D:2      | Killed Jessica
  1228 | D:2      | Reached XP level 4. HP: 19/36 MP: 4/4
  1462 | D:2      | Noticed Robin
  1476 | D:2      | Reached * piety under Cheibriados
  1488 | D:2      | Killed Robin
  1541 | D:2      | Found a faded altar of an unknown god.
  1589 | D:2      | Noticed Natasha
  1603 | D:2      | Killed Natasha
  1604 | D:2      | Reached XP level 5. HP: 39/42 MP: 5/5
  1797 | D:3      | Reached ** piety under Cheibriados
  2073 | D:3      | Reached skill level 3 in Fighting
  2073 | D:3      | Reached skill level 3 in Dodging
  2598 | D:3      | Identified 3 scrolls of acquirement
  2598 | D:3      | Acquired the amulet "Dizour" {Reflect Int+6 SH+5}
  2605 | D:3      | Acquired 523 gold pieces
  2607 | D:3      | Acquired the ring of Kifipre {Will+ Dex+3 Slay+4}
  2685 | D:4      | Reached XP level 6. HP: 51/51 MP: 6/6
  2792 | D:4      | Found a snail-covered altar of Cheibriados.
  2950 | D:4      | Noticed an ice beast
  2959 | D:4      | Killed an ice beast
  3081 | D:4      | Your scales start taking on a rich purple colour.
  3081 | D:4      | Reached XP level 7. HP: 58/59 MP: 7/7
  3427 | D:5      | Entered Level 5 of the Dungeon
  3563 | D:5      | Noticed Edmund
  3584 | D:5      | Killed Edmund
  3584 | D:5      | Reached *** piety under Cheibriados
  3804 | D:5      | Found a runed translucent door.
  3805 | D:5      | Noticed Crazy Yiuf
  3862 | D:5      | Found Uppoexan's Jewellery Shoppe.
  3914 | D:5      | Found a blossoming altar of Fedhas.
  4122 | D:5      | Bought a +6 ring of strength for 396 gold pieces
  4423 | D:5      | Noticed Grinder
  4427 | D:5      | Killed Grinder
  4428 | D:5      | Reached XP level 8. HP: 61/68 MP: 8/8
  4742 | D:6      | Reached skill level 6 in Unarmed Combat
  4906 | D:6      | Reached skill level 6 in Shapeshifting
  4977 | D:6      | Found a radiant altar of Vehumet.
  5140 | D:6      | Found an iron altar of Okawaru.
  5175 | D:6      | Found a hide-covered altar of Uskayaw.
  5199 | D:6      | Found a stormy altar of Qazlal.
  5253 | D:6      | Found a sparkling altar of Nemelex Xobeh.
  5490 | D:6      | Reached **** piety under Cheibriados
  5501 | D:6      | Reached XP level 9. HP: 44/74 MP: 9/9
  6250 | D:7      | Found a transporter.
  6283 | D:7      | Found a transporter.
  6430 | D:7      | Reached skill level 9 in Shapeshifting
  6699 | D:7      | Found a staircase to the Ecumenical Temple.
  7108 | D:5      | Bought a blade talisman for 330 gold pieces
  7348 | D:8      | Reached skill level 6 in Fighting
  7362 | D:8      | Reached XP level 10. HP: 74/84 MP: 10/10
  7459 | D:8      | Reached ***** piety under Cheibriados
  7703 | D:8      | Found a sacrificial altar of Ru.
  7932 | D:8      | Noticed a two-headed hydra
  7938 | D:8      | Killed a two-headed hydra
  9032 | D:9      | Reached skill level 9 in Unarmed Combat
  9034 | D:9      | Reached skill level 9 in Fighting
 10065 | D:9      | Reached XP level 11. HP: 99/99 MP: 11/11
 10237 | D:10     | Entered Level 10 of the Dungeon
 10267 | D:10     | Found a staircase to the Lair.
 10551 | D:10     | Found an opulent altar of Gozag.
 10671 | D:10     | Noticed a boulder beetle
 10675 | D:10     | Killed a boulder beetle
 10732 | D:10     | Found a shimmering altar of Xom.
 10851 | D:10     | Found an ancient bone altar of Kikubaaqudgha.
 11420 | D:11     | Reached ****** piety under Cheibriados
 11503 | D:11     | Reached skill level 12 in Unarmed Combat
 11508 | D:11     | Reached skill level 1 in Invocations
 11720 | D:11     | Reached skill level 1 in Stealth
 11863 | D:11     | Found a staircase to the Orcish Mines.
 11990 | D:11     | Reached skill level 3 in Invocations
 12683 | D:12     | Reached XP level 12. HP: 104/106 MP: 15/15
 12733 | D:12     | Noticed a two-headed ogre
 12773 | D:11     | Killed a two-headed ogre
 12774 | D:11     | Reached skill level 3 in Stealth
 12970 | D:12     | Noticed Nessos
 13060 | D:11     | Reached skill level 6 in Dodging
 13235 | D:11     | Killed Nessos
 13615 | D:12     | Reached skill level 6 in Invocations
 13695 | D:12     | Noticed a centaur warrior
 13805 | Lair:1   | Entered Level 1 of the Lair of Beasts
 14123 | Lair:1   | Found a blossoming altar of Fedhas.
 15174 | Lair:2   | Noticed Sonja
 15177 | Lair:2   | Killed Sonja
 15471 | Lair:2   | Reached XP level 13. HP: 86/113 MP: 19/19
 15652 | Lair:2   | Reached skill level 9 in Invocations
 15831 | Lair:2   | Found a staircase to the Snake Pit.
 16261 | Lair:3   | Noticed an eleionoma
 16283 | Lair:2   | Killed an eleionoma
 16330 | Lair:3   | Found a staircase to the Swamp.
 16353 | Lair:3   | Reached skill level 6 in Stealth
 17119 | Lair:3   | Identified the amulet of Qar Enti {-Cast rF+ rC++ Regen+
                  | Str+4}
 18432 | Lair:4   | Noticed Snorg
 18440 | Lair:4   | Killed Snorg
 18465 | Lair:4   | Reached skill level 12 in Shapeshifting
 18778 | Lair:5   | Entered Level 5 of the Lair of Beasts
 19158 | Lair:5   | Reached skill level 9 in Dodging
 19168 | Lair:5   | Reached XP level 14. HP: 104/121 MP: 21/21
 19693 | Lair:5   | Found a staircase to the Slime Pits.
 19695 | Lair:5   | Found a viscous altar of Jiyva.
 20489 | Lair:5   | Reached skill level 9 in Stealth
 20813 | Lair:5   | Identified the staff of Irritation {Int+3 Hexes Earth}
 21099 | Orc:1    | Entered Level 1 of the Orcish Mines
 21462 | Orc:1    | Found a runed translucent gate.
 21463 | Orc:1    | Found a runed translucent gate.
 21464 | Orc:1    | Found a runed translucent gate.
 21472 | Orc:1    | Noticed zerowinglad's ghost (journeyman DsWn)
 21610 | Orc:2    | Entered Level 2 of the Orcish Mines
 21610 | Orc:2    | Found a staircase to the Elven Halls.
 21821 | Orc:1    | Found Zuacod's General Store.
 21834 | Orc:1    | Bought a scroll of identify for 24 gold pieces
 21834 | Orc:1    | Bought a scroll of identify for 24 gold pieces
 21880 | Orc:1    | Noticed Jorgrun
 21908 | Orc:1    | Killed Jorgrun
 22278 | Orc:2    | Noticed Erolcha
 22284 | Orc:2    | Killed Erolcha
 23644 | Orc:2    | Found Catocon's Assorted Antiques.
 23644 | Orc:2    | Found Ydiveago's Antique Weapon Emporium.
 23645 | Orc:2    | Found Tuizin's Book Shoppe.
 23645 | Orc:2    | Found Soucw's Antique Armour Emporium.
 23734 | Orc:2    | Bought a pair of boots for 72 gold pieces
 23734 | Orc:2    | Bought a potion of might for 64 gold pieces
 23734 | Orc:2    | Bought a potion of heal wounds for 80 gold pieces
 23734 | Orc:2    | Bought a scroll of identify for 32 gold pieces
 23734 | Orc:2    | Bought a scroll of fear for 64 gold pieces
 23941 | D:12     | Reached XP level 15. HP: 117/126 MP: 22/22
 23977 | D:12     | Found a sparkling altar of Nemelex Xobeh.
 24004 | D:12     | Reached skill level 15 in Shapeshifting
 24413 | D:12     | Noticed Fannar
 24420 | D:12     | Killed Fannar
 24447 | D:13     | Noticed Rupert
 24460 | D:13     | Killed Rupert
 25019 | D:13     | Found a gate to the Vaults.
 25595 | D:14     | Found a gate leading to a gauntlet.
 25601 | Gauntlet | Entered a Gauntlet
 25601 | Gauntlet | Found a transporter.
 25601 | Gauntlet | Found a runed translucent door.
 25608 | Gauntlet | Found a runed translucent door.
 25610 | Gauntlet | Found a transporter.
 25613 | Gauntlet | Found a transporter.
 25614 | Gauntlet | Found a transporter.
 25622 | Gauntlet | Found a transporter.
 25625 | Gauntlet | Found a transporter.
 25626 | Gauntlet | Found a transporter.
 25635 | Gauntlet | Found a transporter.
 25638 | Gauntlet | Found a transporter.
 25639 | Gauntlet | Found a transporter.
 25647 | Gauntlet | Found a transporter.
 25651 | Gauntlet | Found a transporter.
 25652 | Gauntlet | Found a transporter.
 25660 | Gauntlet | Found a transporter.
 25849 | Gauntlet | Identified the ring "Pinuuxaofu" {rCorr Str+6 Int+6 Slay-4}
 26767 | D:14     | Found a glowing golden altar of the Shining One.
 26886 | D:15     | Entered Level 15 of the Dungeon
 26918 | D:15     | Upgraded the game from 0.31-a0-1447-g87ca8d402b to
                  | 0.31-a0-1469-gd420192249
 27049 | D:15     | Found Sygik's Jewellery Boutique.
 27232 | D:15     | Found a staircase to the Depths.
 27290 | D:15     | Reached XP level 16. HP: 101/137 MP: 23/23
 27419 | D:15     | Found an opulent altar of Gozag.
 27865 | Snake:1  | Entered Level 1 of the Snake Pit
 28034 | Snake:1  | Found Xuitipyst's Weapon Emporium.
 28037 | Snake:1  | Found Valulu's Distillery.
 28210 | Snake:1  | Found Neseimaj's Self-Published Books.
 28259 | Snake:1  | Bought Coninkuh's Almanac of the Greater Akashic Record for
                  | 1118 gold pieces
 28262 | Snake:1  | Learned a level 2 spell: Lesser Beckoning
 28289 | Snake:1  | Reached skill level 1 in Translocations
 28619 | Snake:1  | Found Tiedouqi's Book Shoppe.
 28641 | Snake:1  | Noticed Mlioglotl
 28668 | Snake:1  | Killed Mlioglotl
 28669 | Snake:1  | Reached skill level 3 in Translocations
 28964 | Snake:1  | Found Lekej's General Store.
 29110 | Snake:1  | Identified the serpent talisman of Rotation {+Blink}
 29110 | Snake:1  | Noticed Aizul
 29116 | Snake:1  | Killed Aizul
 29325 | Snake:1  | Identified the +3 orcbow "Enwoteo" {antimagic, rElec rF+
                  | rC+ Will-}
 29788 | Snake:1  | Reached skill level 6 in Translocations
 29842 | Snake:1  | Noticed Louise
 29876 | Snake:1  | Killed Louise
 29959 | Snake:1  | Learned a level 4 spell: Manifold Assault
 31357 | Snake:2  | Reached skill level 12 in Fighting
 32730 | Snake:3  | Found Kusev's Book Shoppe.
 35117 | Snake:4  | Entered Level 4 of the Snake Pit
 35195 | Snake:4  | Learned a level 2 spell: Blink
 35295 | Snake:4  | Reached XP level 17. HP: 149/149 MP: 21/24
 35554 | Snake:4  | Noticed Donald
 35563 | Snake:4  | Killed Donald
 36211 | Snake:4  | Noticed Mara
 36219 | Snake:4  | Killed Mara
 36683 | Snake:4  | Noticed Vashnia
 36873 | Snake:4  | Reached skill level 18 in Shapeshifting
 37585 | Snake:3  | Killed Vashnia
 39314 | Snake:4  | Got a serpentine rune of Zot
 39576 | Swamp:1  | Entered Level 1 of the Swamp
 41025 | Swamp:2  | Noticed Frances
 41148 | Swamp:2  | Killed Frances
 41262 | Swamp:2  | Found a runed translucent door.
 41852 | Swamp:2  | Noticed benadryl's ghost (journeyman HuAl)
 41869 | Swamp:2  | Killed benadryl's ghost
 41889 | Swamp:2  | Acquired a +0 pair of boots of stealth
 42027 | Swamp:3  | Reached XP level 18. HP: 159/159 MP: 3/25
 42377 | Swamp:3  | Reached skill level 15 in Fighting
 43945 | Swamp:4  | Entered Level 4 of the Swamp
 46370 | Swamp:4  | Reached skill level 15 in Unarmed Combat
 46811 | Swamp:4  | Got a decaying rune of Zot
 47278 | Elf:1    | Entered Level 1 of the Elven Halls
 47918 | Elf:1    | Got Vehumet's Almanac of Destruction
 48279 | Elf:1    | Found Waop's General Store.
 48369 | Abyss:3  | Cast into level 3 of the Abyss (+5 broad axe of distortion)
 48373 | Abyss:3  | Found a corrupted altar of Lugonu.
 48705 | Abyss:3  | Found a corrupted altar of Lugonu.
 48709 | Abyss:3  | Found a corrupted altar of Lugonu.
 48733 | Abyss:3  | Found a corrupted altar of Lugonu.
 48849 | Abyss:3  | Noticed a bone dragon
 48857 | Abyss:3  | Killed a bone dragon
 48860 | Abyss:3  | Reached XP level 19. HP: 68/177 MP: 19/26
 48878 | Elf:1    | Escaped the Abyss
 49597 | Elf:1    | Found Jebank's Antique Armour Boutique.
 50254 | Elf:2    | Acquired 1234 gold pieces
 50307 | Elf:2    | Reached skill level 18 in Fighting
 50414 | Elf:2    | Found Goidaboc's Armour Emporium.
 51166 | Elf:2    | Found a runed translucent gate.
 51167 | Elf:2    | Found a runed translucent gate.
 51167 | Elf:2    | Found a runed translucent gate.
 51238 | Elf:3    | Entered Level 3 of the Elven Halls
 51247 | Elf:3    | Found a frozen archway.
 51291 | Elf:3    | Found a flickering gateway to a bazaar.
 51297 | Bazaar   | Entered a bazaar
 51297 | Bazaar   | Found Wios's Assorted Antiques.
 51306 | Bazaar   | Found Raejepia's Armour Shop.
 51329 | Bazaar   | Found Genus's Armour Boutique.
 51333 | Bazaar   | Found Avope's Magic Scroll Emporium.
 51338 | Bazaar   | Found Xuwaet's Magic Scroll Shop.
 51357 | Bazaar   | Bought a scroll of summoning for 123 gold pieces
 51357 | Bazaar   | Bought a scroll of summoning for 123 gold pieces
 51362 | Bazaar   | Bought a scroll of fear for 60 gold pieces
 51362 | Bazaar   | Bought a scroll of fear for 60 gold pieces
 51666 | Elf:3    | Paralysed by an air elemental for 1 turns
 51668 | Elf:3    | Paralysed by an air elemental for 1 turns
 51688 | IceCv    | Entered an ice cave
 52326 | Elf:3    | Noticed Roxanne
 52329 | Elf:3    | Killed Roxanne
 53315 | Elf:3    | Reached skill level 1 in Shields
 53989 | Elf:3    | Reached skill level 3 in Shields
 54013 | Elf:3    | Identified the ring "Pomiso" {rF+ Will+ rCorr}
 54359 | Elf:3    | Identified the ring "Pusot" {Ice Dex-3 Slay+4 SInv}
 54400 | Elf:3    | Reached skill level 6 in Shields
 55258 | Elf:3    | Got the Codex of the Earth
 55274 | Elf:3    | Got the Parchment of Substances and Diablerie
 55279 | Elf:3    | Identified the staff "Egg" {rN+ rCorr Int+2 Hexes Earth}
 55805 | Vaults:1 | Entered Level 1 of the Vaults
 56524 | Vaults:1 | Reached XP level 20. HP: 191/191 MP: 25/27
 56535 | Vaults:1 | Found a transporter.
 56535 | Vaults:1 | Noticed Jeskohay's ghost (adept OnGl)
 56537 | Vaults:1 | Found a transporter.
 56627 | Vaults:1 | Reached skill level 9 in Shields
 56739 | Vaults:1 | Noticed Nikola
 56745 | Vaults:1 | Killed Nikola
 57267 | Vaults:1 | Identified the +2 pair of gloves "Luikhli" {+Inv rC++}
 57452 | Vaults:1 | Learned a level 1 spell: Apportation
 59001 | Vaults:2 | Found a staircase to the Crypt.
 59171 | Vaults:2 | Acquired 995 gold pieces
 59188 | Vaults:2 | Reached skill level 9 in Translocations
 59291 | Vaults:2 | Upgraded the game from 0.31-a0-1469-gd420192249 to
                  | 0.31-a0-1499-ge0622b2318
 59301 | Vaults:2 | Identified the orb "Efyloak" {*channel, +Inv rN+ Str-5}
 59301 | Vaults:2 | Noticed Frederick
 59311 | Vaults:2 | Killed Frederick
 59382 | Vaults:2 | Reached skill level 12 in Shields
 59815 | Vaults:2 | Identified the ring of the Keeping Gods {rPois rN+ Dex-3
                  | Slay+2}
 59929 | Vaults:2 | Found a gateway to a bazaar.
 59945 | Bazaar   | Entered a bazaar
 59945 | Bazaar   | Found Umabeo's Armour Emporium.
 59966 | Bazaar   | Found Tien's Armour Boutique.
 59974 | Bazaar   | Found Asalom's Antique Weapon Shop.
 59985 | Bazaar   | Found Xefuhaw's Magic Scroll Emporium.
 59991 | Bazaar   | Bought a scroll of fog for 32 gold pieces
 59991 | Bazaar   | Bought a scroll of teleportation for 24 gold pieces
 59991 | Bazaar   | Bought a scroll of noise for 8 gold pieces
 59991 | Bazaar   | Bought a scroll of teleportation for 24 gold pieces
 59991 | Bazaar   | Bought a scroll of teleportation for 24 gold pieces
 59991 | Bazaar   | Bought a scroll of noise for 8 gold pieces
 60929 | Vaults:3 | You fall into a shaft and drop 1 floor!
 61068 | Vaults:3 | Identified the +3 leather armour of Negligence {*Corrode
                  | rF+++ MP+9 Str-3}
 61107 | Vaults:3 | Reached XP level 21. HP: 198/198 MP: 20/28
 61281 | Vaults:3 | Reached skill level 15 in Shields
 61670 | Vaults:3 | Found Vorapao's Weapon Emporium.
 64074 | Depths:1 | Entered Level 1 of the Depths
 64240 | Depths:1 | Reached skill level 18 in Unarmed Combat
 65041 | Depths:1 | Found a gateway to Hell.
 65369 | Depths:2 | Found a runed translucent door.
 65595 | Depths:2 | Identified the +7 shortbow of In Flagrante Delicto {freeze,
                  | Int+3 Dex+2}
 65694 | Depths:2 | Reached XP level 22. HP: 206/206 MP: 24/29
 65723 | Depths:2 | Found a runed translucent door.
 65723 | Depths:2 | Found a runed translucent door.
 65961 | Depths:2 | Identified the +1 pair of boots of Shadows and Fog {*Slow
                  | Dex+4}
 66260 | Depths:2 | Noticed a golden dragon
 66264 | Depths:2 | Killed a golden dragon
 66549 | Depths:2 | Found a runed translucent door.
 66550 | Depths:2 | Found a runed translucent door.
 66550 | Depths:2 | Found a runed translucent door.
 67745 | Depths:2 | Noticed a juggernaut
 67750 | Depths:2 | Killed a juggernaut
 67976 | Depths:2 | Found a one-way gate leading to the halls of Pandemonium.
 68281 | Depths:2 | Found the +8 arc blade {discharge, rElec}
 68282 | Depths:2 | Identified the ring of Pinkoesh {rElec Will- rCorr MP+9}
 68459 | Depths:3 | Found a one-way gateway to a ziggurat.
 68462 | Depths:3 | Reached XP level 23. HP: 218/218 MP: 27/30
 68466 | Depths:3 | Noticed Vv
 68480 | Depths:2 | Killed Vv
 68625 | Depths:2 | Reached skill level 21 in Fighting
 69046 | Depths:3 | Found a one-way gate to the infinite horrors of the Abyss.
 69445 | Depths:3 | Found a runed translucent door.
 69445 | Depths:3 | Found the +1 robe of Vines {NoPotionHeal Regen++++}
 69445 | Depths:3 | Found the +4 consecrated labrys {holy, Valiant ^Fragile Fly
                  | SInv}
 69499 | Depths:3 | Reached skill level 21 in Unarmed Combat
 69510 | Depths:3 | Identified the +3 flail "Micwipp" {freeze, rC+ rN+ Dex+4}
 69521 | Depths:3 | Identified the +6 chain mail "Qeurergh" {Harm Rampage
                  | Will++ Str-2}
 69632 | Depths:3 | Got the Codex of Floating Obstruction
 69738 | Depths:3 | Noticed the Enchantress
 69745 | Depths:3 | Killed the Enchantress
 69857 | Depths:3 | Found a white marble altar of Elyvilon.
 69978 | Depths:3 | You fall into a shaft and drop 1 floor!
 69978 | Depths:4 | Entered Level 4 of the Depths
 70079 | Depths:3 | Identified the staff "Maocru" {Fly rC+ Will+ Str+3 Ice}
 70360 | Depths:4 | Noticed Grunn
 70389 | Depths:4 | Killed Grunn
 70658 | Depths:4 | Found an ancient bone altar of Kikubaaqudgha.
 70659 | Depths:4 | Found an ancient bone altar of Kikubaaqudgha.
 70675 | Depths:4 | Found an opulent altar of Gozag.
 70823 | Depths:4 | Reached skill level 21 in Shapeshifting
 71031 | Depths:4 | Found a gate to the Realm of Zot.
 71039 | Depths:4 | Upgraded the game from 0.31-a0-1499-ge0622b2318 to
                  | 0.31-a0-1522-g43313d8a59
 71526 | Depths:4 | Noticed a juggernaut
 71528 | Depths:4 | Noticed a caustic shrike
 71539 | Depths:4 | Killed a caustic shrike
 71737 | Depths:4 | Killed a juggernaut
 71799 | Depths:4 | Reached XP level 24. HP: 232/232 MP: 22/30
 72125 | Depths:4 | Found the +0 pair of fencer's gloves {Riposte Dex+3}
 73156 | Vaults:5 | Entered Level 5 of the Vaults
 73416 | Vaults:5 | Upgraded the game from 0.31-a0-1522-g43313d8a59 to
                  | 0.31-a0-1529-g7bd419a0e5
 73437 | Vaults:5 | Noticed a dread lich
 73441 | Vaults:5 | Killed a dread lich
 73470 | Vaults:5 | Noticed an ancient lich
 73474 | Vaults:5 | Killed an ancient lich
 73944 | Vaults:5 | Identified the ring of the Sun {rPois rC+ rN+ Dex+5}
 73973 | Vaults:5 | Found Salosk's Jewellery Boutique.
 73973 | Vaults:5 | Found Zera's Distillery.
 73974 | Vaults:5 | Found Kippin's Antique Weapon Shop.
 74037 | Vaults:5 | Found Pehogot's Antique Armour Emporium.
 74074 | Vaults:5 | Gained mutation: You are frail. (-10% HP) [a shining eye]
 74182 | Vaults:5 | Found Koutug's Distillery.
 74182 | Vaults:5 | Found Urchus's Distillery.
 74201 | Vaults:5 | Found Heaboliss's Magic Scroll Emporium.
 74212 | Vaults:5 | Found Atezyic's Magic Scroll Shop.
 74212 | Vaults:5 | Found Fiynam's Distillery.
 74243 | Vaults:5 | Found Baoc Bua's Distillery.
 74269 | Vaults:5 | Found Ymuobur's Magic Scroll Boutique.
 74273 | Vaults:5 | Bought a scroll of blinking for 90 gold pieces
 74273 | Vaults:5 | Bought a scroll of blinking for 90 gold pieces
 74273 | Vaults:5 | Bought a scroll of blinking for 90 gold pieces
 74334 | Vaults:5 | Bought a potion of resistance for 170 gold pieces
 74334 | Vaults:5 | Bought a potion of might for 68 gold pieces
 74565 | Vaults:5 | Found Hear's Weapon Shoppe.
 74578 | Vaults:5 | Reached XP level 25. HP: 220/220 MP: 30/30
 74584 | Vaults:5 | Got a silver rune of Zot
 75172 | Vaults:5 | Bought a scroll of enchant armour for 105 gold pieces
 75172 | Vaults:5 | Bought a scroll of noise for 14 gold pieces
 75172 | Vaults:5 | Bought a scroll of summoning for 133 gold pieces
 75172 | Vaults:5 | Bought a scroll of fog for 56 gold pieces
 75188 | Vaults:5 | Bought a scroll of fear for 48 gold pieces
 75188 | Vaults:5 | Bought a scroll of teleportation for 36 gold pieces
 75188 | Vaults:5 | Bought a scroll of revelation for 90 gold pieces
 75188 | Vaults:5 | Bought a scroll of teleportation for 36 gold pieces
 75188 | Vaults:5 | Bought a scroll of revelation for 90 gold pieces
 75202 | Vaults:5 | Bought 2 potions of curing for 108 gold pieces
 75202 | Vaults:5 | Bought a potion of curing for 54 gold pieces
 75202 | Vaults:5 | Bought a potion of heal wounds for 90 gold pieces
 75202 | Vaults:5 | Bought a potion of berserk rage for 90 gold pieces
 75202 | Vaults:5 | Bought a potion of heal wounds for 90 gold pieces
 75202 | Vaults:5 | Bought a potion of resistance for 180 gold pieces
 75216 | Vaults:5 | Bought a potion of mutation for 136 gold pieces
 75216 | Vaults:5 | Bought a potion of mutation for 136 gold pieces
 75216 | Vaults:5 | Bought a potion of curing for 51 gold pieces
 75216 | Vaults:5 | Bought a potion of attraction for 51 gold pieces
 75216 | Vaults:5 | Bought a potion of mutation for 136 gold pieces
 75216 | Vaults:5 | Bought a potion of curing for 51 gold pieces
 75216 | Vaults:5 | Bought a potion of ambrosia for 136 gold pieces
 75227 | Vaults:5 | Bought a potion of mutation for 184 gold pieces
 75227 | Vaults:5 | Bought a potion of curing for 69 gold pieces
 75227 | Vaults:5 | Bought a potion of resistance for 230 gold pieces
 75227 | Vaults:5 | Bought a potion of might for 92 gold pieces
 75227 | Vaults:5 | Bought a potion of mutation for 184 gold pieces
 75227 | Vaults:5 | Bought 2 potions of cancellation for 368 gold pieces
 75227 | Vaults:5 | Bought a potion of heal wounds for 115 gold pieces
 75234 | Vaults:5 | Bought a potion of attraction for 51 gold pieces
 75234 | Vaults:5 | Bought a potion of curing for 51 gold pieces
 75234 | Vaults:5 | Bought a potion of invisibility for 136 gold pieces
 75234 | Vaults:5 | Bought a potion of enlightenment for 85 gold pieces
 75234 | Vaults:5 | Bought a potion of curing for 51 gold pieces
 75234 | Vaults:5 | Bought 2 potions of attraction for 102 gold pieces
 75234 | Vaults:5 | Bought a potion of attraction for 51 gold pieces
 75234 | Vaults:5 | Bought a potion of heal wounds for 85 gold pieces
 75276 | Vaults:5 | Bought a potion of curing for 45 gold pieces
 75276 | Vaults:5 | Bought a potion of might for 60 gold pieces
 75276 | Vaults:5 | Bought a potion of cancellation for 120 gold pieces
 75276 | Vaults:5 | Bought a potion of heal wounds for 75 gold pieces
 75590 | Snake:1  | Bought a potion of curing for 48 gold pieces
 75590 | Snake:1  | Bought a potion of might for 64 gold pieces
 75590 | Snake:1  | Bought a potion of heal wounds for 80 gold pieces
 75590 | Snake:1  | Bought a potion of invisibility for 128 gold pieces
 75590 | Snake:1  | Bought a potion of berserk rage for 80 gold pieces
 75590 | Snake:1  | Bought a potion of curing for 48 gold pieces
 75590 | Snake:1  | Bought a potion of might for 64 gold pieces
 75777 | D:5      | Killed Crazy Yiuf
 76208 | Orc:1    | Killed zerowinglad's ghost
 76575 | Zot:1    | Entered Level 1 of the Realm of Zot
 77103 | Zot:1    | Found the +4 dragonskin cloak
 77103 | Zot:1    | Noticed Tiamat
 77121 | Zot:1    | Killed Tiamat
 77122 | Zot:1    | Reached skill level 24 in Fighting
 77333 | Zot:1    | Gained mutation: You are weak. (Str -2) [a shining eye]
 77349 | Zot:1    | Lost mutation: You are weak. (Str -2) [potion of mutation]
 77349 | Zot:1    | Lost mutation: You are frail. (-10% HP) [potion of
                  | mutation]
 77349 | Zot:1    | Gained mutation: You possess an exceptional clarity of
                  | mind. [potion of mutation]
 77349 | Zot:1    | Gained mutation: You have a pair of small antennae on your
                  | head. [potion of mutation]
 77349 | Zot:1    | Gained mutation: A frigid envelope surrounds you and
                  | freezes all who hurt you. [potion of mutation]
 77631 | Zot:1    | Found a runed translucent door.
 77634 | Zot:1    | Noticed iguanaiguana's ghost (veteran HuAl)
 78061 | Zot:1    | Killed iguanaiguana's ghost
 78597 | Zot:2    | Noticed an orb of fire
 78609 | Zot:2    | Killed an orb of fire
 79853 | Zot:3    | Noticed a Killer Klown
 79863 | Zot:3    | Killed a Killer Klown
 79983 | Zot:3    | Reached skill level 24 in Unarmed Combat
 81124 | Zot:4    | Noticed an orb of fire
 81130 | Zot:4    | Killed an orb of fire
 81292 | Zot:4    | Reached XP level 26. HP: 258/258 MP: 25/30
 81514 | Zot:5    | Entered Level 5 of the Realm of Zot
 83409 | Zot:5    | Noticed an orb of fire
 83412 | Zot:5    | Noticed an orb of fire
 83413 | Zot:5    | Killed an orb of fire
 83414 | Zot:5    | Reached skill level 24 in Shapeshifting
 83419 | Zot:4    | Gained mutation: Your body sometimes deteriorates upon
                  | taking damage. [an orb of fire]
 83421 | Zot:4    | Gained mutation: You are clumsy. (Dex -2) [an orb of fire]
 83422 | Zot:4    | Gained mutation: You are frail. (-10% HP) [an orb of fire]
 83426 | Zot:4    | Killed an orb of fire
 83653 | Zot:5    | Noticed a dread lich
 83660 | Zot:5    | Killed a dread lich
 83878 | Zot:5    | Noticed a dread lich
 83888 | Zot:5    | Killed a dread lich
 84025 | Zot:4    | Lost mutation: Your body sometimes deteriorates upon taking
                  | damage. [potion of mutation]
 84025 | Zot:4    | Lost mutation: You are frail. (-10% HP) [potion of
                  | mutation]
 84025 | Zot:4    | Lost mutation: You are clumsy. (Dex -2) [potion of
                  | mutation]
 84025 | Zot:4    | Gained mutation: Your skin changes colour to match your
                  | surroundings (Stealth+). [potion of mutation]
 84164 | Zot:5    | Noticed a dread lich
 84169 | Zot:5    | Killed a dread lich
 85115 | Zot:5    | Noticed an ancient lich
 85123 | Zot:5    | Killed an ancient lich
 85134 | Zot:5    | Identified the +1 leather armour of Spring Thaw {Regen+
                  | Dex+4}
 85170 | Zot:5    | Got the Orb of Zot
 85217 | Zot:4    | Noticed a seraph
 85221 | Zot:4    | Killed a seraph
 85871 | D:$      | Escaped with the Orb!

Illustrated notes

Levels and vault maps discovered:
D:1:      dpeg_arrival_leaves_temple_mockup, layout_basic, serial_aquarium,
          aquarium_bridge_square [aquarium_subvault_wall,
          aquarium_subvault_balcony, aquarium_subvault_window,
          aquarium_subvault_bridge], aquarium_bridge_square
          [aquarium_subvault_wall, aquarium_subvault_bridge,
          aquarium_subvault_bridge, aquarium_subvault_window],
          aquarium_window_fake, aquarium_window_fake, aquarium_view_2b,
          aquarium_view_2c, minmay_misc_feat_tiny, minmay_pentomino_q2
D:2:      layout_basic, shapermc_ecumenical_altar_notcrosses, basic_altar,
          minmay_rat_gold_closets, uniq_natasha, uniq_jessica, uniq_robin
D:3:      layout_basic, minmay_fractal_squares_diagonal_5
D:4:      layout_loops_ring, amcnicky_altar_gilded
D:5:      layout_basic, mainiacjoe_overflow_alcove_4, serial_shops, shop,
          uniq_grinder, uniq_crazy_yiuf_cottage, uniq_edmund
D:6:      minmay_inner_zag, layout_rooms, nemelex_altar_shiori,
          grunt_temple_overflow_open
D:7:      gammafunk_steamed_eel, layout_rooms, minmay_temple_entry_poolview
D:8:      layout_basic, hangedman_ru_absence, enter_bailey_2, nrook_mini_vaults,
          hangedman_decor_points, chequers_decorated_corner, hangedman_ranch
D:9:      minmay_skewed_foursquare, layout_rooms,
          chequers_serial_rivers_large_a, dreamdust_princess_bridge
D:10:     layout_basic, nicolae_overflow_crystal_walls,
          mainiacjoe_overflow_chevrons, kiku_gazebo_garden_becter,
          kennysheep_generic_room_3
D:11:     layout_stronghold, orc_0_dummy
D:12:     regret_index_nemelex_summoning_deck_glade, layout_basic, uniq_nessos,
          uniq_fannar
D:13:     layout_rooms, david_vaults_5, uniq_rupert
D:14:     layout_loops_ring, gauntlet_entry_generic,
          nicolae_tso_swordbearing_angel, lightli_corner_chamber
D:15:     grunt_enter_depths_magical_seal, layout_loops_ring,
          nicolae_gozag_cash_rules_everything_around_me, serial_shops, shop
Lair:1:   layout_regular_city, hangedman_tree_tricks, grunt_megastairs_1
Lair:2:   layout_cave_shapes, nicolae_snake_entry_warm_welcome, roderic_batcave,
          grunt_megastairs_2, uniq_sonja
Lair:3:   layout_layer_cave, alex1729_swamp_entry_worm_eleionoma,
          serial_bayou_lagoon_b
Lair:4:   layout_roguey, uniq_snorg
Lair:5:   evilmike_catoblepas_cave, layout_loops_ring, slime_entry_1,
          serial_bayou_shore_b
Swamp:1:  layout_basic_swamp, nicolae_swamp_reclaimed_castle,
          nicolae_swamp_long_stream, nicolae_swamp_decorative_isthmus
Swamp:2:  layout_basic_swamp, ebering_ghost_reflecting_pool,
          evilmike_swamp_ruin_house_3, infiniplex_staircase_pool, uniq_frances
Swamp:3:  layout_basic_swamp, evilmike_swamp_ruin_house_6
Swamp:4:  swamp_alternative, layout_basic_swamp, nicolae_swamp_triple_paths,
          swamp_pool_5
Snake:1:  layout_honeycomb, serial_shops, shop, nicolae_shop_real_fake_doors,
          nicolae_diamond_shop, shop_coins, nicolae_snake_round_shape_thing,
          nicolae_custom_books, uniq_aizul, uniq_mlioglotl, uniq_louise
Snake:2:  layout_grid_maze
Snake:3:  layout_layer_cave, serial_shops, nicolae_square_shop
Snake:4:  johnstein_snake_rune_scales, layout_basic,
          nicolae_twisty_statue_hallways, uniq_mara, uniq_vashnia, uniq_donald
Orc:1:    layout_caves, ebering_ghost_rock_garden, serial_shops, shop,
          basic_altar, regret_index_minedec_shroomtown_chain, uniq_jorgrun
Orc:2:    st_orc_pillars, layout_caves, basic_altar, uniq_erolcha
Elf:1:    eino_elf_arrival_the_gate, layout_geoelf_grid, serial_shops,
          shop_fountains, nicolae_shop_pleasant_corner_grove,
          portal_desolation_entry_nicolae_nacl, minmay_elf_annihilation
Elf:2:    nicolae_elf_blades_crystal_corner, layout_geoelf_octagon,
          serial_shops, shop
Elf:3:    minmay_elf_hall_circle, layout_gridlike, mu_enter_wizlab_7,
          serial_shops, freezing_bzr, portal_ice_cave_entry_pillars_2,
          serial_library_hellmonk_h_bend, grunt_megastairs_5, uniq_roxanne
Vaults:1: gammafunk_ghost_arena, vaults_standard_mumra_enter_the_diamond,
          nicolae_vaults_wine_cellar, vaults_standard_mumra_x,
          ontoclasm_vaults_tryst, vaults_mumra_minichess,
          nicolae_vaults_closet_pinwheel_3, dpeg_vaults_monster_row,
          nicolae_vaults_quartermaster, vaults_room_hallway,
          hangedman_vaults_stretched_pinwheel, nicolae_vaults_house_3,
          nicolae_vaults_trapezoid_1, layout_vaults_ring, uniq_nikola
Vaults:2: vaults_room_fours, kennysheep_ogre_elephant_herders,
          blue_anna_dwarven_crypt, vaults_mumra_hexcomb,
          nicolae_vaults_frosty_reception, nicolae_vaults_little_squares_3,
          v_misc_8, nicolae_vaults_surprise_closet, v_misc_15,
          nicolae_vaults_border_crossing, nicolae_vaults_back_hallway,
          nicolae_vaults_storage_room_statues, nicolae_vaults_tetromino_Z_1,
          layout_vaults_omnicross, serial_shops, bzr_entry_customers,
          uniq_frederick
Vaults:3: nicolae_vaults_closet_pinwheel_4, nicolae_vaults_yaktaur_gun_rack,
          nicolae_vaults_swerve, nicolae_vaults_network_quincunx
          [nicolae_vaults_network_quincunx_subvault,
          nicolae_vaults_network_quincunx_subvault,
          nicolae_vaults_network_quincunx_subvault,
          nicolae_vaults_network_quincunx_subvault,
          nicolae_vaults_network_quincunx_subvault], vaults_room_glass_cross,
          nicolae_vaults_bisected_exclaves,
          nicolae_vaults_taking_the_gang_shopping, hangedman_vaults_river_flow,
          v_alt_pattern_1, vaults_mumra_chevron, nicolae_vaults_prndl,
          layout_vaults_omnibox
Vaults:4: v_misc_30, vaults_room_pool, nicolae_vaults_closet_pinwheel_3,
          layout_vaults_omnigrid
Vaults:5: serial_shops
Depths:1: layout_gridville, hellmouth_3, minmay_misc_feat_cross, laboratory
Depths:2: minmay_the_grid_ultimate [minmay_the_grid_prize_inner_circle,
          minmay_the_grid_prize_shrinking_boxes,
          minmay_the_grid_prize_trominoes, minmay_the_grid_prize_big_room,
          minmay_the_grid_square_5x5_fat_x, minmay_the_grid_square_5x5_shuriken,
          minmay_the_grid_square_5x5_forky, minmay_the_grid_square_5x5_n,
          minmay_the_grid_square_5x5_empty,
          minmay_the_grid_square_5x5_tri_point,
          minmay_the_grid_square_5x5_bracketed,
          minmay_the_grid_square_5x5_n_small, minmay_the_grid_square_5x5_two,
          minmay_the_grid_square_5x5_hourglass,
          minmay_the_grid_square_5x5_bridge, minmay_the_grid_square_5x5_tie,
          minmay_the_grid_square_5x5_spiral, minmay_the_grid_square_5x5_lines,
          minmay_the_grid_square_5x5_c,
          minmay_the_grid_triangle_9x9_fully_insulated_deathbox,
          minmay_the_grid_triangle_9x9_from_above,
          minmay_the_grid_triangle_9x9_descending_squares,
          minmay_the_grid_triangle_9x9_sprig,
          minmay_the_grid_triangle_9x9_impossible_snake,
          minmay_the_grid_triangle_9x9_thin_v,
          minmay_the_grid_triangle_9x9_skeleton,
          minmay_the_grid_triangle_9x9_subtriangle,
          minmay_the_grid_triangle_9x9_tough_junction,
          minmay_the_grid_triangle_9x9_minimal,
          minmay_the_grid_triangle_9x9_wacky_v,
          minmay_the_grid_triangle_9x9_limited_checkers,
          minmay_the_grid_triangle_9x9_warning,
          minmay_the_grid_triangle_9x9_checkered,
          minmay_the_grid_triangle_9x9_windchime,
          minmay_the_grid_triangle_9x9_alien,
          minmay_the_grid_square_5x5_percent, minmay_the_grid_octo_focus,
          minmay_the_grid_octo_fan_narrow, minmay_the_grid_octo_thin_diamonds,
          minmay_the_grid_octo_clover_2, minmay_the_grid_octo_clover,
          minmay_the_grid_octo_chip, minmay_the_grid_octo_pinwheel,
          minmay_the_grid_octo_tetromino_candy, minmay_the_grid_dragon_a,
          minmay_the_grid_gridbox, minmay_the_grid_spin_star,
          minmay_the_grid_square_x], pan_entry, hell_entry
Depths:3: nicolae_terramorphic_expanse [nicolae_terramorphic_quarter,
          nicolae_terramorphic_quarter, nicolae_terramorphic_quarter,
          nicolae_terramorphic_quarter, nicolae_terramorphic_quarter,
          nicolae_terramorphic_biome, nicolae_terramorphic_biome,
          nicolae_terramorphic_biome, nicolae_terramorphic_biome],
          layout_cave_shapes, enter_ziggurat_b, elyvilon_altar_1,
          minmay_room_of_horrors, hell_entry, minmay_st_funbox,
          kennysheep_generic_room_4, infiniplex_staircase_diamond,
          uniq_enchantress, uniq_vv
Depths:4: hangedman_slaughterboxes, hell_entry, uniq_grunn
Zot:1:    layout_gridlike, hellmonk_ghost_happy_afterlife, uniq_tiamat
Zot:2:    layout_basic, skrybe_zot_glass_1, st_stairs_2
Zot:3:    layout_gridville, regret_index_zotdec_serpentine_scales
Zot:4:    layout_cellular_growth, regret_index_zotdec_twisting_globes
Zot:5:    layout_basic

Skill      XL: |  1  2  3  4  5  6  7  8  9 10 11 12 13 14 15 16 17 18 19 20 21 22 23 24 25 26 |
---------------+-------------------------------------------------------------------------------+-----
Dodging        | 2 3 4 5 7 9 10 11 | 11.0
Fighting       | 2 3 4 5 6 9 10 11 13 14 17 19 20 22 23 25 | 25.4
Unarmed Combat | 4 5 6 7 9 12 13 16 17 19 20 21 23 24 25 | 25.3
Shapeshifting  | 4 5 7 10 11 12 14 16 17 19 20 21 22 23 25 | 25.0
Invocations    | 4 8 10 | 10.0
Stealth        | 2 5 8 10 | 10.0
Translocations | 7 9 |  9.0
Shields        | 8 14 16 | 16.0

Action                     |  1- 3 |  4- 6 |  7- 9 | 10-12 | 13-15 | 16-18 | 19-21 | 22-24 | 25-27 || total
---------------------------+-------+-------+-------+-------+-------+-------+-------+-------+-------++-------
  Melee: Unarmed           |   113 |   145 |   212 |   323 |   774 |   943 |   975 |   995 |   644 ||  5124
         Tailslap          |     9 |    14 |    28 |    64 |   151 |    14 |   181 |   205 |   136 ||   802
         Punch             |     4 |     1 |     8 |    20 |    62 |     6 |    14 |       |       ||   115
         Constrict         |       |       |       |       |       |   190 |       |       |       ||   190
   Cast: Lesser Beckoning  |       |       |       |       |       |   228 |   227 |   195 |    87 ||   737
         Manifold Assault  |       |       |       |       |       |    98 |    80 |    94 |    40 ||   312
         Blink             |       |       |       |       |       |     1 |     2 |       |       ||     3
         Apportation       |       |       |       |       |       |       |     6 |     3 |       ||     9
 Invoke: Bend Time         |       |     1 |       |       |     2 |       |       |       |       ||     3
         Slouch            |       |       |       |       |     9 |     6 |    14 |    13 |     3 ||    45
Ability: Breathe Dispellin |       |       |    26 |    42 |    60 |     1 |     1 |       |       ||   130
         Evoke Blink       |       |       |       |       |       |     1 |       |       |       ||     1
  Evoke: Wand              |       |       |       |    12 |     6 |       |       |       |       ||    18
    Use: Scroll            |       |    12 |       |    13 |     5 |     5 |    12 |     2 |    15 ||    64
         Potion            |       |       |       |     1 |     1 |     5 |     5 |       |     4 ||    16
   Stab: Sleeping          |     5 |     1 |     1 |     1 |     6 |    13 |     7 |       |     3 ||    37
         Distracted        |     1 |       |       |       |     5 |     4 |       |     5 |     1 ||    16
         Invisible         |       |       |       |       |       |       |     2 |       |       ||     2
 Armour: Skin              |    59 |    81 |    87 |   192 |   333 |   533 |   383 |   333 |   280 ||  2281
  Dodge: Dodged            |    53 |   100 |    95 |   220 |   621 |   600 |   388 |   275 |   290 ||  2642
  Block: Other             |       |     4 |    35 |    69 |    24 |   128 |    13 |       |       ||   273
         Reflection        |       |       |     3 |    12 |       |    18 |    46 |    29 |    11 ||   119
         Tower shield      |       |       |       |       |       |       |  1086 |  1287 |   866 ||  3239
         Kite shield       |       |       |       |       |       |       |    89 |       |       ||    89
   Form: Blade             |       |       |     1 |       |     2 |     2 |       |       |       ||     5
         Serpent           |       |       |       |       |     2 |     4 |       |       |       ||     6
         Maw               |       |       |       |       |     1 |       |       |       |       ||     1
                           |       |       |       |       |       |     1 |     1 |       |       ||     2
         Statue            |       |       |       |       |       |       |     4 |       |       ||     4
         Storm             |       |       |       |       |       |       |     2 |       |       ||     2

Table legend: (Time is in decaauts)
 A = Elapsed time spent in this place.
 B = Non-inter-level travel time spent in this place.
 C = Inter-level travel time spent in this place.
 D = Time resting spent in this place.
 E = Time spent auto-exploring this place.
 F = Levels seen in this place.
 G = Mean time per level.
                   A        B        C        D        E       F      G
               +--------+--------+--------+--------+--------+-----+--------+
         Total | 148064 | 130828 |  17236 |  38409 |  46924 |  52 | 2847.4 |
       Dungeon |  29939 |  23846 |   6093 |   3626 |  14286 |  15 | 1995.9 |
          Lair |  12795 |  10842 |   1953 |   2157 |   6356 |   5 | 2559.0 |
         Swamp |   9594 |   9140 |    454 |   4676 |   2388 |   4 | 2398.5 |
     Snake Pit |  16439 |  14727 |   1712 |   6660 |   2703 |   4 | 4109.8 |
  Orcish Mines |   4560 |   3955 |    605 |    813 |   1358 |   2 | 2280.0 |
   Elven Halls |  11001 |   9990 |   1011 |   4266 |   1633 |   3 | 3667.0 |
        Vaults |  23244 |  21203 |   2041 |   5086 |   6364 |   5 | 4648.8 |
        Depths |  19314 |  17790 |   1524 |   5012 |   6788 |   4 | 4828.5 |
           Zot |  19027 |  17189 |   1838 |   5362 |   4776 |   5 | 3805.4 |
         Abyss |    665 |    665 |      0 |    254 |      0 |   1 |  665.0 |
        Bazaar |    544 |    544 |      0 |    109 |      0 |   2 |  272.0 |
      Ice Cave |    238 |    238 |      0 |    220 |      0 |   1 |  238.0 |
      Gauntlet |    698 |    698 |      0 |    165 |    270 |   1 |  698.0 |
               +--------+--------+--------+--------+--------+-----+--------+

Top non-repeatable levels by time:
Depths:2: 7161 daAuts
   Zot:5: 6126 daAuts
   Elf:3: 5949 daAuts
Depths:4: 5915 daAuts
Vaults:1: 5514 daAuts
Vaults:5: 4870 daAuts
 Snake:4: 4834 daAuts
Vaults:2: 4596 daAuts
 Snake:3: 4269 daAuts
Vaults:3: 4206 daAuts
   Zot:1: 4120 daAuts
Vaults:4: 4056 daAuts
 Snake:1: 3956 daAuts
Depths:3: 3549 daAuts
   Elf:1: 3450 daAuts
